Description

Unnecessary 4th Orbital Command listed, removed this to get a cleaner salt encoding.

Build Order

Get SALT Encoding   

  12  0:00  SCV  
  13  0:12  SCV  
  14  0:17  Supply Depot  
  14  0:24  SCV  
  15  0:39  SCV  
  15  0:40  Barracks  
  16  0:45  Refinery  
  16  0:51  SCV  
  17  1:03  SCV  
  18  1:15  SCV  
  19  1:27  Orbital Command  
  19  1:28  Reaper  
  20  1:41  Command Center  
  20  1:53  SCV  
  21  1:55  Supply Depot  
  21  2:00  Marine  
  22  2:05  SCV  
  23  2:17  SCV  
  23  2:18  Factory  
  23  2:22  Barracks Reactor  
  25  2:37  Command Center  
  26  2:52  Orbital Command  
  27  3:07  Hellion x2  
  27  3:11  Starport  
  32  3:19  Refinery  
  34  3:22  Barracks Tech Lab  
  34  3:28  Hellion x2  
  42  3:50  Hellion x2, Orbital Command  
  47  3:59  Banshee  
  51  4:04  Cloaking Field  
  52  4:10  Supply Depot  
  52  4:12  Hellion x2  
  59  4:28  Armory  
  60  4:33  Supply Depot  
  62  4:39  Hellion x2, Supply Depot  
  67  4:52  Barracks Tech Lab  
  69  4:54  Banshee  
  75  5:08  Barracks x2  
  75  5:09  Refinery x2  
  75  5:10  Factory Reactor  
  75  5:11  Marine  
  79  5:22  Stimpack  
  80  5:29  Marine  
  80  5:33  Engineering Bay x2  
  82  5:41  Barracks x2  
  83  5:46  Marine  
  83  5:47  Starport Reactor  
  88  5:57  Siege Tank  
  88  5:58  Marine x2  
  94  6:05  Marine x2  
  98  6:11  Marine x2  
  107  6:27  Medivac x2  
  113  6:36  Barracks Reactor x2  
  113  6:39  Refinery x2  
  114  6:49  Siege Tank  
  116  7:05  Medivac x2  
  129  7:22  Command Center  
  130  7:30  Factory  
Spawning Tool Build Advisor. Get it on Overwolf

Go to:

Details

  • Created by: grimzreaoer
  • Published on: Dec 02, 2022
  • Modified on: Dec 06, 2022
  • Patch: 4.11.0
  • Difficulty: Medium
Show
View Real Time Build Order
Export as new Build Order

Comments (1)

On Jan. 16, 2023, 7:24 a.m., Acemond  said:

You should set the type to TvZ or change the title to TvP

Create an account to comment!